 Dungeon Crawl Stone Soup version 0.31-a0-214-gb37851dbb3 (webtiles) character file.

Game seed: 9953481642909627982

102 qw the Shooter (level 4, -1/26 HPs)
             Began as a Gargoyle Hexslinger on July 1, 2023.
             Slain by Terence
             ... wielding a +0 mace
              (3 damage)
             ... on level 2 of the Dungeon.
             The game lasted 00:00:38 (1426 turns).

qw the Shooter (Gargoyle Hexslinger)                Turns: 1426, Time: 00:00:38

Health: -1/26      AC:  8    Str: 11    XL:     4   Next: 78%
Magic:  5/5        EV: 10    Int: 14    God:
Gold:   36         SH:  0    Dex: 14    Spells: 4/5 levels left

rFire   . . .        Y - +2 sling
rCold   . . .        (no shield)
rNeg    + . .        h - +0 ring mail
rPois   inf          (no helmet)
rElec   +            (no cloak)
rCorr   .            (no gloves)
SInv    .            (no boots)
Will    .....        (no amulet)
Stlth   +            (no ring)
HPRegen 0.24/turn    (no ring)
MPRegen 0.09/turn

%: no passive effects
@: no status effects
A: sickness immunity, AC +3, negative energy resistance 1, electricity
resistance, torment resistance 1, petrification resistance
a: no special abilities


You were on level 2 of the Dungeon.
You visited 1 branch of the dungeon, and saw 2 of its levels.

You collected 36 gold pieces.


Innate Abilities, Weirdness & Mutations

You are immune to sickness and miasma.
Your stone body is resilient. (AC +3)
You are immune to poison.
You resist negative energy. (rN+)
You are resistant to electric shocks. (rElec)
You are resistant to unholy torment.
You are immune to petrification.


   Skills:
 - Level 2.0 Fighting
 + Level 4.2 Ranged Weapons
 - Level 1.5 Armour
 - Level 1.5 Dodging
 - Level 1.0 Spellcasting
 - Level 2.6 Hexes


You had 4 spell levels left.
You knew the following spells:

 Your Spells              Type           Power      Damage    Failure   Level
a - Slow                  Hex            32%        N/A       21%         1

Your spell library contained the following spells:

 Spells                   Type           Power      Damage    Failure   Level
 Inner Flame              Hex/Fire       4%         N/A       71%         3
 Portal Projectile        Hex/Tloc       8%         N/A       71%         3
 Cause Fear               Hex            4%         N/A       90%         4

Inventory:

Hand Weapons
 Y - a +2 sling (weapon)
Armour
 h - a +0 ring mail (worn)
Jewellery
 a - a ring of see invisible
Scrolls
 c - a scroll of revelation {unknown}
Potions
 b - a potion of curing {unknown}
 d - a potion of lignification {unknown}

Dungeon Overview and Level Annotations

Branches:
Dungeon (2/15)

Altars:

Annotations:
D:2 Terence


Message History

You kill the adder!
You start resting.
HP restored.
You see here an adder corpse.
You now have 36 gold pieces (gained 11).
Terence the Incautious comes into view.
He is wielding a +0 mace.
Terence shouts!
Enter note:
Enter note:
Enter note:
Enter note: You shoot a sling bullet.
The sling bullet hits Terence.
Terence is moderately wounded.
A kobold comes into view. It is wielding a +0 dagger.
You shoot a sling bullet. The sling bullet barely misses Terence.
Terence hits you with a +0 mace.
You shoot a sling bullet.
The sling bullet hits Terence but does no damage.
Terence is moderately wounded.
Terence hits you with a +0 mace.
You shoot a sling bullet. The sling bullet hits Terence.
Terence is moderately wounded.
Terence bares his teeth.
Terence hits you with a +0 mace.
You shoot a sling bullet. The sling bullet hits Terence.
Terence is heavily wounded.
Terence hits you with a +0 mace. Terence barely misses you.
You shoot a sling bullet.
The sling bullet closely misses Terence.
Terence closely misses you.
You shoot a sling bullet.
The sling bullet closely misses Terence.
Terence barely misses you.
You shoot a sling bullet. The sling bullet hits Terence.
Terence is heavily wounded.
Terence hits you but does no damage. Terence hits you with a +0 mace!
You shoot a sling bullet.
The sling bullet closely misses Terence.
Terence hits you with a +0 mace.
You die...

#.....# ##.
#.###.# ##
#.# #.# # #.#
#.# # #.# #.#
...#######
#.# #.#
#.......###.#
#.#
####...##.#
#.#
#.@.....%.#
#.#
#@##...####
#.##### #K
##.## #......
#. #.#
####### #.
... # ..
..... #
#####.###
####### ..
.....>.
#######


You could see Terence and a kobold.

Vanquished Creatures
  Natasha (twice) (D:2)
  An adder (D:2)
  2 worms (D:2)
  A dart slug (D:1)
  8 endoplasms
  3 hobgoblins
  2 jackals (D:1)
  2 quokkas (D:1)
  2 ball pythons (D:1)
  3 bats
  A frilled lizard (D:1)
  4 goblins (D:1)
  A kobold (D:1)
  4 rats
36 creatures vanquished.

Notes
Turn   | Place    | Note
-------+----------+-------------------------------------------
     0 | D:1      | qw the Gargoyle Hexslinger began the quest for the Orb.
     0 | D:1      | Reached XP level 1. HP: 12/12 MP: 2/2
     0 | D:1      | 0 ||| qw: Version: 0.3-a-32-g5962c71
     0 | D:1      | 0 ||| qw: Game counter: 7356
     0 | D:1      | 0 ||| qw: Melee chars always use a shield: true
     0 | D:1      | 0 ||| qw: God list: Okawaru
     0 | D:1      | 0 ||| qw: Allow faded altars: false
     0 | D:1      | 0 ||| qw: Do Orc after clearing Dungeon:15 true
     0 | D:1      | 0 ||| qw: Do second Lair branch before Depths: true
     0 | D:1      | 0 ||| qw: Lair rune preference: random
     0 | D:1      | 0 ||| qw: Goals: Normal
     0 | D:1      | 0 ||| PLANNING D:1-11
    38 | D:1      | Reached XP level 2. HP: 11/16 MP: 3/3
   128 | D:1      | 128 ||| DROPPING scroll of poison.
   139 | D:1      | Reached skill level 3 in Ranged Weapons
   143 | D:1      | 143 ||| FLEEEEING.
   226 | D:1      | Reached XP level 3. HP: 21/21 MP: 4/4
   721 | D:1      | 721 ||| UPGRADING to +0 leather armour.
   731 | D:1      | 731 ||| DROPPING +0 robe.
   732 | D:1      | 732 ||| UPGRADING to +0 ring mail.
   742 | D:1      | 742 ||| DROPPING +0 leather armour.
   743 | D:1      | 743 ||| READING scroll labelled NEIHEX ENAPA.
   744 | D:1      | 744 ||| READING scroll labelled WUITWI JUXTUA.
   745 | D:1      | 745 ||| READING scroll labelled IMADERYHAY.
   746 | D:1      | 746 ||| READING scroll labelled FAAGON HUWEU.
   747 | D:1      | 747 ||| READING scroll labelled LEK AXKIPUOT.
   748 | D:1      | 748 ||| READING scroll labelled IQEREPROOSA.
   749 | D:1      | 749 ||| READING scroll labelled PUPLIM UPTAIDE.
   785 | D:2      | 785 ||| STAIRDANCE
   924 | D:2      | HP: 5/21 [worm (5)]
  1195 | D:2      | Noticed Natasha
  1208 | D:2      | Killed Natasha
  1209 | D:2      | Reached skill level 4 in Ranged Weapons
  1209 | D:2      | Reached XP level 4. HP: 9/26 MP: 5/5
  1231 | D:2      | Noticed Natasha
  1235 | D:2      | Killed Natasha
  1236 | D:2      | Reached skill level 1 in Armour
  1417 | D:2      | Noticed Terence
  1425 | D:2      | HP: 1/26 [Terence/+0 mace (8)]
  1426 | D:2      | Slain by Terence

Levels and vault maps discovered:
D:1:      ncdulo_lavacross, layout_rooms, serial_forest,
          infiniplex_forest_lined_3_way, infiniplex_forest_lined_room_2,
          infiniplex_forest_clump_diagonal, infiniplex_forest_clump_medium,
          infiniplex_forest_end_2, infiniplex_forest_clump_double,
          infiniplex_forest_clump_medium, infiniplex_forest_clump_diagonal,
          infiniplex_forest_end_2
D:2:      layout_loops_ring, uniq_natasha, uniq_terence, uniq_jessica

Skill      XL: |  1  2  3  4 |
---------------+-------------+-----
Ranged Weapons | 3 4 |  4.2
Fighting       | 2 |  2.0
Armour         | 1 |  1.5
Dodging        | |  1.5
Spellcasting   | |  1.0
Hexes          | |  2.6

Action                     |  1- 3 |  4- 6 || total
---------------------------+-------+-------++-------
   Fire: Sling             |   129 |    18 ||   147
    Use: Scroll            |     7 |       ||     7
 Armour: Robe              |     5 |       ||     5
         Ring mail         |    35 |     1 ||    36
  Dodge: Dodged            |    59 |     5 ||    64

Table legend:
 A = Non-vault XP
 B = Vault XP
 C = Vault XP percentage of total XP
 D = Non-vault monster count
 E = Vault monster count
 F = Vault count percentage of total count
                 A         B        C        D         E       F
            +---------+---------+-------+---------+---------+-------
      Total |     111 |      36 |  24.5 |      35 |       1 |   2.8
            +---------+---------+-------+---------+---------+-------
        D:1 |      44 |       0 |   0.0 |      26 |       0 |   0.0
        D:2 |      67 |      36 |  35.0 |       9 |       1 |  10.0
            +---------+---------+-------+---------+---------+-------
